 Dungeon Sprint DCSS version 0.17-b1-36-g7b1967c (webtiles) character file.

6 hexophile the Prestidigitator (level 2, -2/24 HPs)
             Began as a Formicid Fighter on Nov 6, 2015.
             Was an Initiate of Makhleb.
             Killed by nerve-wracking pain
             ... invoked by a shadow imp
              (14 damage)
             ... in the Dungeon (Sprint V: "Ziggurat Sprint").
             The game lasted 00:01:03 (93 turns).

hexophile the Prestidigitator (Formicid Fighter)      Turns: 93, Time: 00:01:03

Health: -2/24      AC: 18    Str: 32    XL:     2   Next: 0%
Magic:  1/7        EV: -1    Int:  7    God:    Makhleb [......]
Gold:   0          SH: 28    Dex: 10    Spells: 0 memorised, 1 level left

rFire  + . .     SeeInvis +     B - +5 executioner's axe
rCold  + . .     Clarity  .     C - +5 gold dragon armour {rC+ rF+ rPois}
rNeg   + . .     SustAt   .     F - +18 shield of the gong {rElec rN+ MR+ EV-5}
rPois  +         Gourm    .     (helmet unavailable)
rElec  +         Spirit   .     (no cloak)
rCorr  .         Warding  .     (no gloves)
rMut   .         Stasis   +     (no boots)
MR     +....                    (no amulet)
Stlth  ..........               A - +6 ring of strength
                                z - +6 ring of strength

@: somewhat resistant to hostile enchantments, extremely unstealthy
A: permanent stasis, dig shafts and tunnels, four strong arms, antennae 3
a: Dig, Renounce Religion


You were in the Dungeon.
You worshipped Makhleb.
Makhleb was noncommittal.
You were not hungry.

You visited 1 branch


Innate Abilities, Weirdness & Mutations

You are under a permanent stasis effect.
You can dig through walls and to a lower floor.
Your four strong arms can wield two-handed weapons with a shield.
You have a pair of large antennae on your head (SInv).

Inventory:

Hand Weapons
 B - a +5 executioner's axe (weapon)
Armour
 C - a +5 gold dragon armour (worn) {rC+ rF+ rPois}
 F - the +18 shield of the gong (worn) {rElec rN+ MR+ EV-5}
   (You found it in the Dungeon)

   It affects your evasion (-5).
   It insulates you from electricity.
   It protects you from negative energy.
   It affects your resistance to hostile enchantments.
Jewellery
 z - a +6 ring of strength (left hand)
 A - a +6 ring of strength (right hand)
Wands
 a - a wand of fire (5)
 b - a wand of cold (5)
 c - a wand of disintegration (7)
 D - a wand of draining (5)
Scrolls
 p - 3 scrolls of recharging
 q - 7 scrolls of fog
 s - a scroll of holy word
 t - 5 scrolls of identify
 u - 5 scrolls of remove curse
 y - 2 scrolls of fear
Potions
 d - 6 potions of might {Str+5 DMG+1d10}
 e - 2 potions of brilliance {Archmagi Int+5 Wiz++}
 f - 10 potions of curing
 g - 10 potions of heal wounds
 i - 7 potions of magic
 l - 2 potions of invisibility
 m - 4 potions of resistance {rF+ rC+ rPois rElec rCorr}
 o - 5 potions of agility {Stlth+ Dex+5 EV+5}
Miscellaneous
 v - a disc of storms
Comestibles
 r - 5 bread rations
 w - 42 fruits
 x - 4 meat rations


You had one spell level left.
You didn't know any spells.


   Skills:
 - Level 3.2 Fighting
 * Level 2.0 Axes
 - Level 3.2 Armour
 - Level 3.6 Shields
 - Level 8.0 Evocations

Dungeon Overview and Level Annotations

Branches:
Dungeon (1/1)

Altars:
Ashenzari
Cheibriados
Dithmenos
Elyvilon
Fedhas
Gozag
Kikubaaqudgha
Makhleb
Nemelex Xobeh
Okawaru
Qazlal
Ru
Sif Muna
Trog
Vehumet
Xom
Yredelemnul
Zin
The Shining One
Beogh
Jiyva
Lugonu

Vault maps used:
D:        sprint_v
You       could see a shadow imp and an ufetubus.


Message History

You got additional 6 HP.
Restored 6 HP.
You have now: 24/24 HP.
Unknown command.
Your surroundings seem different!
Welcome to arena 1.
An ufetubus and a shadow imp come into view.
The ufetubus shouts!
The shadow imp shouts!
Found two items.
You completely miss the shadow imp. You miss the ufetubus.
You block the ufetubus's attack.
PANG!
The ufetubus hits you. You block the ufetubus's attack.
BOUMMMMG!
The ufetubus hits you.
The shadow imp hits you but does no damage.
You block the ufetubus's attack.
PTOANNNG!
The ufetubus hits you but does no damage.
The shadow imp hits you. !MASSIVE DAMAGE!
YOU LOST 8 HP!
You have now: 16/24 HP.
Your shield and gold dragon armour prevent you from hitting the ufetubus.
You closely miss the shadow imp. You block the ufetubus's attack.
GONNNNG!
You block the ufetubus's attack.
BONNNG!
You block the ufetubus's attack.
PANG!
The ufetubus hits you. You block the shadow imp's attack.
SHROANNG!
The ufetubus hits you but does no damage. x2
You block the shadow imp's attack.
BONNNG!
You lost 2 HP.
You have now: 14/24 HP.
Unknown command.
You barely miss the ufetubus.
Your shield and gold dragon armour prevent you from hitting the shadow imp.
You block the ufetubus's attack.
BOUMMMMG!
You block the ufetubus's attack.
GONNNNG!
You block the ufetubus's attack.
PTOANNNG!
The ufetubus hits you. You block the shadow imp's attack.
SHROANNG!
The ufetubus hits you but does no damage.
The ufetubus completely misses you.
The shadow imp shouts, "Embrace submission, thou qualling swag-bellied flirt-gill!"
The shadow imp gestures at you. Pain shoots through your body!
Ouch! That really hurt!
You die...

Action                   || total
-------------------------++-------
Melee: Executioner's axe ||     3
  Use: Potion            ||     1

Notes
Turn   | Place    | Note
--------------------------------------------------------------
     0 | D        | hexophile the Formicid Fighter began the quest for the Orb.
     0 | D        | Reached XP level 1. HP: 18/18 MP: 1/1
     0 | D        | Found a roughly hewn altar of Beogh.
     0 | D        | Found a corrupted altar of Lugonu.
     0 | D        | Found a viscous altar of Jiyva.
     0 | D        | Found a white marble altar of Elyvilon.
     0 | D        | Found a sparkling altar of Nemelex Xobeh.
     0 | D        | Found a burning altar of Makhleb.
     0 | D        | Found an iron altar of Okawaru.
     0 | D        | Found a deep blue altar of Sif Muna.
     0 | D        | Found a radiant altar of Vehumet.
     0 | D        | Found a bloodstained altar of Trog.
     0 | D        | Found a shimmering altar of Xom.
     4 | D        | Banished a spatial maelstrom
    25 | D        | Became a worshipper of Makhleb the Destroyer
    87 | D        | Reached skill level 8 in Evocations
    87 | D        | Reached XP level 2. HP: 24/24 MP: 1/7
    89 | D        | Entered arena 1.
    93 | D        | Killed from afar by a shadow imp

Table legend:
 A = Turns spent in this place as a percentage of turns spent in the entire game.
 B = Non-inter-level travel turns spent in this place as a percentage of non-inter-level travel turns spent in the entire game.
 C = Inter-level travel turns spent in this place as a percentage of turns spent in this place.
 D = Turns resting spent in this place as a percentage of non-inter-level travel turns spent in this place.
 E = Turns spent auto-exploring this place as a percentage of non-inter-level travel turns spent in this place.
 F = Non-inter-level travel turns spent in this place divided by the number of levels of this place that you've seen.
                   A       B       C       D       E      F
               +-------+-------+-------+-------+-------+----------------------
         Total | 100.0 | 100.0 |   0.0 |   0.0 |   0.0 |  73.0
       Dungeon | 100.0 | 100.0 |   0.0 |   0.0 |   0.0 |  73.0
               +-------+-------+-------+-------+-------+----------------------

Vanquished Creatures (others)
  A spatial maelstrom (D)
1 creature vanquished.
